 Dungeon Crawl Stone Soup version 0.29.0-13-gc9e81de378 (webtiles) character file.

Game seed: 9054586014781981266

100 RascalDebosk the Cudgeller (level 4, -1/44 HPs)
             Began as a Troll Gladiator on Sept 7, 2022.
             Slain by an iguana (6 damage)
             ... on level 4 of the Dungeon.
             The game lasted 00:13:01 (2072 turns).

RascalDebosk the Cudgeller (Troll Gladiator)        Turns: 2072, Time: 00:13:01

Health: -1/44      AC:  8    Str: 22    XL:     4   Next: 47%
Magic:  3/3        EV:  9    Int:  6    God:
Gold:   194        SH:  6    Dex: 11    Spells: 3/3 levels left

rFire   . . .      SeeInvis .   a - +0 flail
rCold   . . .      Faith    .   h - +0 kite shield
rNeg    . . .      Spirit   .   b - +0 robe
rPois   .          Reflect  .   c - +0 hat
rElec   .          Harm     .   (no cloak)
rCorr   +          Rampage  .   (gloves unavailable)
Will    .....                   (boots unavailable)
Stlth   +.........              (no amulet)
HPRegen 0.94/turn               k - ring of resist corrosion
MPRegen 0.08/turn               q - +4 ring of protection

@: no status effects
A: large, unfitting armour, claws 3, regeneration 1, shaggy fur 1, tough skin 1
a: no special abilities


You were on level 4 of the Dungeon.
You visited 1 branch of the dungeon, and saw 4 of its levels.

You collected 194 gold pieces.

Inventory:

Hand Weapons
 a - a +0 flail (weapon)
Missiles
 d - 5 throwing nets
 e - a large rock (quivered)
 m - 3 silver javelins
 s - 5 boomerangs
Armour
 b - a +0 robe (worn)
 c - a +0 hat (worn)
 h - a +0 kite shield (worn)
Jewellery
 k - a ring of resist corrosion (left claw)
 q - a +4 ring of protection (right claw)
Scrolls
 f - a scroll of fear {unknown}
 i - 2 scrolls of teleportation {unknown}
 j - 6 scrolls of identify {unknown}
 n - 2 scrolls of brand weapon {unknown}
 o - a scroll of enchant armour {unknown}
 p - a scroll of silence {unknown}
 u - 2 scrolls of immolation {unknown}
 v - a scroll of magic mapping {unknown}
 y - a scroll of enchant weapon {unknown}
Potions
 g - a potion of mutation {unknown}
 l - 5 potions of curing {unknown}
 r - a potion of cancellation {unknown}
 t - a potion of berserk rage {unknown}
 w - 2 potions of brilliance {unknown}
 x - a potion of ambrosia {unknown}
 z - a potion of degeneration {unknown}
 A - a potion of attraction {unknown}


   Skills:
 + Level 2.4 Fighting
 + Level 3.3 Maces & Flails
 + Level 2.5 Throwing
 + Level 3.0 Dodging


You had 3 spell levels left.
You didn't know any spells.
Your spell library was empty.

Dungeon Overview and Level Annotations

Branches:
Dungeon (4/15)
 Temple: D:4-7

Altars:
Dithmenos


Innate Abilities, Weirdness & Mutations

You are too large for most types of armour.
You have claws for hands.
Your natural rate of healing is unusually fast.
You are covered in fur. (AC +1)
You have tough skin. (AC +1)


Message History

The quokka barely misses you.
You barely miss the quokka. The quokka bites you.
You hit the quokka.
The quokka is almost dead.
The quokka bites you. x2
You hit the quokka.
You kill the quokka!
The iguana bites you!
You barely miss the iguana. The iguana bites you!
You hit the iguana.
The iguana is moderately wounded.
The iguana bites you!
The iguana bites you but does no damage.
You closely miss the iguana.
The iguana is moderately wounded.
You block the iguana's attack.
You barely miss the iguana.
The iguana is moderately wounded.
The iguana bites you but does no damage.
You completely miss the iguana.
The iguana is moderately wounded.
The iguana barely misses you. The iguana bites you.
You barely miss the iguana.
The iguana is moderately wounded.
The iguana closely misses you.
You barely miss the iguana.
The iguana is moderately wounded.
The iguana bites you!
* * * LOW HITPOINT WARNING * * *
You hit the iguana.
The iguana is heavily wounded.
You block the iguana's attack. x2
You barely miss the iguana.
The iguana is heavily wounded.
The iguana bites you!
* * * LOW HITPOINT WARNING * * *
You hit the iguana.
The iguana is almost dead.
You block the iguana's attack. The iguana bites you.
You die...

#...#.....)#
#...#.####.# #......#
#.#
.######..######'#####
.....................#
#.######..........##.#
#...##............##.#
###....##.........##.#
#.....l@.###########.#
>.......†.# #<#
..........# ###
.#........# #........#
#........# ##########


You could see an iguana.

Vanquished Creatures
  An adder (D:3)
  4 worms
  4 dart slugs
  5 orcs (D:3)
  5 ball pythons
  5 endoplasms
  4 giant cockroaches
  9 hobgoblins
  6 kobolds
  3 quokkas
  4 bats
  2 frilled lizards (D:2)
  6 goblins
  3 rats
61 creatures vanquished.

Notes
Turn   | Place    | Note
-------+----------+-------------------------------------------
     0 | D:1      | RascalDebosk the Troll Gladiator began the quest for the
                  | Orb.
     0 | D:1      | Reached XP level 1. HP: 19/19 MP: 0/0
   118 | D:1      | Reached XP level 2. HP: 25/28 MP: 1/1
   700 | D:1      | Reached XP level 3. HP: 35/35 MP: 2/2
  1084 | D:2      | Found a faded altar of an unknown god.
  1405 | D:3      | Reached XP level 4. HP: 42/42 MP: 3/3
  1679 | D:3      | Found a shadowy altar of Dithmenos.
  2072 | D:4      | Slain by an iguana

Illustrated notes

Levels and vault maps discovered:
D:1:      elethiomel_arrival_shortcut, layout_loops_corners
D:2:      layout_rooms, hellmonk_ecumenical_altar_crossroads,
          dreamdust_wishing_well
D:3:      layout_basic, mainiacjoe_overflow_cross_hatched
D:4:      layout_basic, nicolae_ru_great_annihilating_truth

Skill      XL: |  1  2  3  4 |
---------------+-------------+-----
Throwing       | 2 |  2.5
Maces & Flails | 3 |  3.3
Fighting       | 2 |  2.4
Dodging        | 3 |  3.0

Action                   |  1- 3 |  4- 6 || total
-------------------------+-------+-------++-------
Melee: Flail             |   118 |    43 ||   161
 Stab: Sleeping          |     1 |     1 ||     2
Armor: Robe              |    55 |    14 ||    69
Dodge: Dodged            |    47 |    19 ||    66
Block: Kite shield       |    43 |    20 ||    63
